 Dungeon Crawl Stone Soup version 0.29.1-13-g9f3cf754e1 (webtiles) character file.

Game seed: 13855993745345424537

15584 Disco the Eclecticist (level 12, -10/70 HPs)
             Began as a Djinni Air Elementalist on Feb 6, 2023.
             Was a Believer of Makhleb.
             Mangled by an orc warrior
             ... wielding a +0 scimitar
              (20 damage)
             ... on level 1 of the Orcish Mines on Feb 9, 2023.
             The game lasted 00:33:56 (17325 turns).

Disco the Eclecticist (Djinni Air Elementalist)    Turns: 17325, Time: 00:33:56

Health: -10/70     AC: 14    Str:  7    XL:     12   Next: 59%
Gold:   394        EV: 12    Int: 20    God:    Makhleb [**....] SH:  0 Dex: 22

rFire   + + .      SeeInvis +   k - staff of conjuration
rCold   x . .      Faith    .   (no shield)
rNeg    . . .      Spirit   .   L - +4 troll leather armour
rPois   ∞          Reflect  .   E - +1 helmet {SInv}
rElec   .          Harm     .   H - +0 cloak
rCorr   .          Rampage  .   K - +2 pair of gloves
Will    ++...                   (boots unavailable)
Stlth   ++........              (no amulet)
HPRegen 1.01/turn               F - ring of willpower
MPRegen 0.00/turn               r - +6 ring of dexterity

@: swift, flying, very quick
A: sickness immunity, fire resistance 2, cold vulnerability 1, float, innate
caster, HP casting, extra vitality 1
a: Renounce Religion, Minor Destruction


You were on level 1 of the Orcish Mines.
You worshipped Makhleb.
Makhleb was pleased with you.
You visited 3 branches of the dungeon, and saw 15 of its levels.
You also visited: Sewer.

You collected 1306 gold pieces.
You spent 912 gold pieces at shops.

Inventory:

Missiles
 p - 5 throwing nets
Armour
 E - a +1 helmet of see invisible (worn)
 H - a +0 cloak (worn)
 K - a +2 pair of gloves (worn)
 L - a +4 troll leather armour (worn)
Magical Staves
 k - a staff of conjuration (weapon)
Jewellery
 r - a +6 ring of dexterity (right hand)
 F - a ring of willpower (left hand)
Wands
 f - a wand of flame (8)
 j - a wand of roots (9)
 s - a wand of paralysis (38)
 t - a wand of light (12)
 G - a wand of polymorph (8)
Scrolls
 b - 10 scrolls of identify
 c - 2 scrolls of immolation
 g - 2 scrolls of enchant weapon
 i - 4 scrolls of teleportation
 u - 4 scrolls of poison
 v - a scroll of fear
 w - 2 scrolls of silence {unknown}
 y - 2 scrolls of torment {unknown}
 I - a scroll of vulnerability {unknown}
Potions
 a - a potion of lignification {unknown}
 d - a potion of magic {unknown}
 h - 5 potions of mutation {unknown}
 l - 2 potions of haste {unknown}
 m - 2 potions of brilliance {unknown}
 n - a potion of cancellation {unknown}
 o - 5 potions of curing {unknown}
 x - 3 potions of might {unknown}
 z - a potion of degeneration {unknown}
 A - 2 potions of berserk rage {unknown}
 C - a potion of attraction {unknown}
 D - 3 potions of heal wounds


   Skills:
 - Level 2.1 Dodging
 - Level 1.5 Stealth
 + Level 15.2 Spellcasting


You had 17 spell levels left.
You knew the following spells:

 Your Spells              Type           Power      Damage    Failure   Level
a - Shock                 Conj/Air       100%       1d9       0%          1
b - Static Discharge      Conj/Air       85%        3-14/arc  1%          2
c - Dazzling Flash        Conj/Hex       100%       N/A       1%          3
d - Portal Projectile     Hex/Tloc       100%       N/A       1%          3
e - Slow                  Hex            100%       N/A       0%          1
f - Ensorcelled Hibernat  Hex/Ice        100%       N/A       1%          2
g - Silence               Hex/Air        33%        N/A       1%          5
h - Airstrike             Air            33%        2d(5-21)  1%          4
u - Swiftness             Air            66%        N/A       1%          3
Your spell library was empty.

Dungeon Overview and Level Annotations

Branches:
Dungeon (12/15)            Temple (1/1) D:5            Lair (0/5) D:11
    Orc (2/2) D:11            Elf (0/3) Orc:2         Sewer (visited)

Altars:
Ashenzari
Cheibriados
Dithmenos
Elyvilon
Fedhas
Gozag
Hepliaklqana
Makhleb
Nemelex Xobeh
Okawaru
Qazlal
Ru
Trog
Uskayaw
Wu Jian
Xom
Yredelemnul
Zin
The Shining One

Shops:
D:4 [   D:7 [   D:11 [(


Innate Abilities, Weirdness & Mutations

You are immune to sickness and miasma.
You are immune to poison.
Your flesh is very heat resistant. (rF++)
You are vulnerable to cold. (rC-)
You float through the air rather than walking.
You learn spells naturally, not from books.
Your magical power is your life essence.
You have superior vitality. (+4 MHP)


Message History

Aiming: Airstrike (safe; 1% risk of failure)
Press: ? - help, Dir - move target, f/p - orc warrior
Aim: an orc warrior, wielding a +0 arbalest and wearing a +0 chain mail (severely wounded, empty space bonus: 3/8)
The air twists around and strikes the orc warrior.
The orc warrior is severely wounded.
A nearby fungus withers and dies.
The orc warrior shoots a bolt.
The bolt barely misses you.
Something hits the fungus.
The orc warrior shoots a bolt.
The bolt hits you!
* * * LOW HITPOINT WARNING * * *
There is a stone staircase leading up here.
The orc warrior shoots a bolt.
The bolt misses you.
You fly upwards.
There is a stone staircase leading down here.
You start resting.
HP restored.
You fly downwards.
The orc high priest shouts!
The orc warrior hits you with a +0 scimitar!
An orc priest comes into view. It is wielding a +0 short sword.
The orc knight closely misses you.
The orc high priest mumbles some strange prayers to Beogh.
The orc warrior shoots a bolt.
The bolt hits you!
The orc warrior hits you but does no damage.
The orc knight roars a battlecry!
The orcs go into a battle-frenzy!
The orc warrior shoots a bolt.
The bolt closely misses you.
The bolt hits the orc knight!!
There is a stone staircase leading up here.
The orc priest shouts!
You hear a shout! x2
The orc knight hits you but does no damage.
The orc warrior hits you with a +0 scimitar!!
You fly upwards.
There is a stone staircase leading down here.
Casting: Airstrike (safe; 1% risk of failure)
Confirm with . or Enter, or press ? or * to list all spells.
You feel quick.
The orc knight hits you with a +4 battleaxe!!
* * * LOW HITPOINT WARNING * * *
The orc warrior hits you with a +0 scimitar!!
You die...

#......##........#.##
##.#....##.......######
#####...#.......###..##
#####.......#...#....#
##..#.[[.........#...##
##......[[...#.......###
##...................##.##
#...............o...#....#
##.....#.......@........##
##.##...........o.......##
#..............[...#.#..##
.............<[)...##....#
......#..#...)....#..#...##
.................#....#...#
#.##.....#[.......#......##
####.....#[#.##..........##
##.##.[.....#.............#


You could see an orc knight and an orc warrior (strong).

Vanquished Creatures
  3 two-headed ogres
  Amaemon (D:8)
  3 cyclopes (D:11)
  3 orc sorcerers (Orc:2)
  Maurice (D:8)
  A gargoyle (D:11)
  An orange demon (D:8)
  2 unseen horrors (D:10)
  Psyche (D:8)
  3 trolls
  A hornet (D:8)
  Grinder (D:3)
  12 yaks
  A wraith (D:12)
  3 wyverns (D:11)
  A steam dragon (D:8)
  Eustachio (D:4)
  A vampire mosquito (D:12)
  A warg (Orc:1)
  An acid dragon (D:9)
  4 water moccasins
  10 orc warriors
  A black bear (D:7)
  An ice beast (D:5)
  5 ogres
  6 centaurs
  3 necrophages
  3 bullfrogs
  3 kobold brigands
  8 scorpions
  A gnoll sergeant (D:4)
  5 killer bees (D:8)
  An electric eel (D:6)
  3 howler monkeys (D:10)
  6 orc priests
  3 hounds
  5 jellies
  A gnoll bouda (D:5)
  Jessica (D:3)
  An iguana (D:5)
  A merfolk siren (Sewer)
  15 orc wizards
  A merfolk avatar (Sewer)
  20 gnolls
  6 adders
  2 river rats (Sewer)
  3 white imps
  A worm (D:2)
  5 dart slugs
  53 orcs
  14 ball pythons
  4 bats
  5 endoplasms
  7 giant cockroaches
  A goblin (D:3)
  7 hobgoblins
  6 jackals (D:2)
  10 quokkas
  6 frilled lizards
  22 kobolds
  25 rats
327 creatures vanquished.

Vanquished Creatures (others)
  7 fungi
  24 plants
31 creatures vanquished.

Grand Total: 358 creatures vanquished

Notes
Turn   | Place    | Note
-------+----------+-------------------------------------------
     0 | D:1      | Disco the Djinni Air Elementalist began the quest for the
                  | Orb.
     0 | D:1      | Disco set off with the following spells memorised: Shock,
                  | Static Discharge, Swiftness, Airstrike.
     0 | D:1      | Reached XP level 1. HP: 15/15 MP: 0/0
   230 | D:1      | Reached XP level 2. HP: 7/21 MP: 0/0
   490 | D:1      | Found a faded altar of an unknown god.
   609 | D:1      | Reached skill level 3 in Spellcasting
   790 | D:1      | Reached XP level 3. HP: 20/25 MP: 0/0
   790 | D:1      | Learned a level 1 spell: Slow
  1738 | D:2      | Reached XP level 4. HP: 25/31 MP: 0/0
  1901 | D:2      | Reached skill level 4 in Spellcasting
  2262 | D:2      | Reached XP level 5. HP: 33/35 MP: 0/0
  2262 | D:2      | Learned a level 2 spell: Ensorcelled Hibernation
  2347 | D:3      | Noticed Grinder
  2569 | D:3      | Reached XP level 6. HP: 35/40 MP: 0/0
  2583 | D:3      | Reached skill level 5 in Spellcasting
  3080 | D:3      | Killed Grinder
  3081 | D:3      | Reached XP level 7. HP: 32/45 MP: 0/0
  3081 | D:3      | Learned a level 3 spell: Dazzling Flash
  3289 | D:3      | Reached skill level 6 in Spellcasting
  3436 | D:3      | Found a shadowy altar of Dithmenos.
  3831 | D:3      | Noticed Jessica
  3835 | D:3      | Killed Jessica
  4315 | D:4      | Noticed Eustachio
  4321 | D:4      | Killed Eustachio
  4322 | D:4      | Reached skill level 7 in Spellcasting
  4322 | D:4      | Reached XP level 8. HP: 18/50 MP: 0/0
  4402 | D:4      | Found a glowing golden altar of the Shining One.
  4440 | D:4      | Found a glowing drain.
  4459 | Sewer    | Entered a sewer
  5568 | D:4      | Found Qalit's Antique Armour Shoppe.
  5647 | D:4      | Bought a dull robe for 165 gold pieces
  5647 | D:4      | Identified the +1 robe of Sunlight {rC+ Int+2} (You bought
                  | it in a shop on level 4 of the Dungeon)
  5731 | D:4      | Found a basalt altar of Yredelemnul.
  5913 | D:5      | Entered Level 5 of the Dungeon
  6240 | D:5      | Reached skill level 8 in Spellcasting
  6670 | D:5      | Reached XP level 9. HP: 34/55 MP: 0/0
  6670 | D:5      | Learned a level 3 spell: Portal Projectile
  6852 | D:5      | Found a staircase to the Ecumenical Temple.
  7070 | Temple   | Entered the Ecumenical Temple
  7432 | D:5      | Found a bloodstained altar of Trog.
  7530 | D:6      | Reached skill level 9 in Spellcasting
  7773 | D:6      | Found a white marble altar of Elyvilon.
  7961 | D:6      | Found a hazy altar of Hepliaklqana.
  8292 | D:6      | Found an opulent altar of Gozag.
  9064 | D:6      | Reached skill level 10 in Spellcasting
  9194 | D:6      | Found a hide-covered altar of Uskayaw.
 10081 | D:7      | Found Liucaaw's Armour Emporium.
 10262 | D:7      | Reached XP level 10. HP: 43/60 MP: 0/0
 10849 | D:7      | Bought a +1 helmet of see invisible for 247 gold pieces
 11252 | D:8      | Noticed Amaemon
 11252 | D:8      | Noticed an orange demon
 11260 | D:8      | Noticed Psyche
 11278 | D:8      | Killed Amaemon
 11279 | D:8      | Reached skill level 11 in Spellcasting
 11280 | D:8      | Killed an orange demon
 11283 | D:8      | Killed Psyche
 11590 | D:8      | Found a broken altar of Ashenzari.
 11667 | D:8      | Noticed Maurice
 11673 | D:8      | Killed Maurice
 11867 | D:8      | Reached skill level 12 in Spellcasting
 12240 | D:9      | Noticed a two-headed ogre
 12242 | D:9      | Killed a two-headed ogre
 12243 | D:9      | Reached XP level 11. HP: 57/65 MP: 0/0
 12243 | D:9      | Learned a level 5 spell: Silence
 12672 | D:9      | Found a burning altar of Makhleb.
 12690 | D:9      | Became a worshipper of Makhleb the Destroyer
 13422 | D:10     | Entered Level 10 of the Dungeon
 13422 | D:10     | Found a snail-covered altar of Cheibriados.
 13431 | D:10     | Noticed a two-headed ogre
 13438 | D:10     | Killed a two-headed ogre
 13439 | D:10     | Reached skill level 13 in Spellcasting
 14717 | D:10     | Reached * piety under Makhleb
 15041 | D:10     | Found a blossoming altar of Fedhas.
 15051 | D:11     | Noticed a cyclops
 15051 | D:11     | Found Dujocoi's Armour Shop.
 15051 | D:11     | Found a staircase to the Orcish Mines.
 15695 | D:11     | Noticed a cyclops
 15702 | D:11     | Killed a cyclops
 15779 | D:11     | Found Elaasa's Weapon Shop.
 15882 | D:11     | Killed a cyclops
 15883 | D:11     | Reached skill level 14 in Spellcasting
 15920 | D:11     | Reached XP level 12. HP: 60/70 MP: 0/0
 15939 | D:11     | Found a staircase to the Lair.
 16019 | D:11     | Bought a +2 pair of gloves for 214 gold pieces
 16019 | D:11     | Bought a +1 troll leather armour for 286 gold pieces
 16330 | D:11     | Noticed a two-headed ogre
 16333 | D:11     | Killed a two-headed ogre
 16461 | D:11     | Found a shimmering altar of Xom.
 16462 | D:11     | Found a shimmering altar of Xom.
 16462 | D:11     | Found a shimmering altar of Xom.
 16463 | D:11     | Found a shimmering altar of Xom.
 16463 | D:11     | Found a shimmering altar of Xom.
 16463 | D:11     | Found a shimmering altar of Xom.
 16464 | D:11     | Found a shimmering altar of Xom.
 16465 | D:11     | Found a shimmering altar of Xom.
 16465 | D:11     | Found a shimmering altar of Xom.
 16621 | D:12     | Noticed a skeletal warrior
 16623 | D:12     | Noticed a boulder beetle
 16730 | Orc:1    | Entered Level 1 of the Orcish Mines
 16735 | Orc:1    | Reached ** piety under Makhleb
 17105 | Orc:2    | Entered Level 2 of the Orcish Mines
 17105 | Orc:2    | Found a staircase to the Elven Halls.
 17210 | Orc:2    | Reached skill level 15 in Spellcasting
 17211 | Orc:2    | Noticed an orc warlord
 17322 | Orc:2    | Noticed an orc high priest
 17323 | Orc:2    | Noticed a soul eater
 17325 | Orc:1    | Mangled by an orc warrior

Illustrated notes

Levels and vault maps discovered:
D:1:      ncdulo_halloftheorcs, layout_rooms,
          dreamdust_ecumenical_altar_angels_and_demons
D:2:      layout_basic
D:3:      layout_loops_ring, led_sif_book, nicolae_overflow_hidden_temple,
          kennysheep_jessica_study, uniq_grinder
D:4:      layout_loops_cross, mainiacjoe_overflow_paths, marbit_many_paths,
          portal_sewer_entry_f, serial_shops, shop_fountains, uniq_eustachio
D:5:      layout_basic, pf_just_have_faith, temple_doors_e
D:6:      layout_loops_ring, nicolae_overflow_crystal_walls,
          nicolae_uskayaw_dance_hall, lemuel_doored_altar,
          nicolae_elyvilon_temple_path
D:7:      layout_basic, serial_shops, nicolae_square_shop
D:8:      layout_rooms, evilmike_ruin_ashenzari, nicolae_wwwww, uniq_amaemon,
          uniq_maurice, uniq_psyche
D:9:      layout_small_grid, kennysheep_little_box
D:10:     layout_gridville, fedhas_altar_2, kennysheep_slug_shrine,
          nicolae_sextant
D:11:     layout_irregular_city, minmay_lair_entry_grove, orc_david_3,
          chequers_serial_rivers_large_b, xom_shifter_show
D:12:     layout_grid_maze, ebering_ghost_disaster_area, minmay_ruined_shrine
Temple:   hellmonk_temple_beads
Orc:1:    layout_caves
Orc:2:    grunt_orc_gardens, layout_caves, grunt_orc_garden, grunt_orc_garden,
          grunt_orc_garden, grunt_orc_garden, basic_altar, serial_shops,
          nicolae_shop_window_shopping

Skill      XL: |  1  2  3  4  5  6  7  8  9 10 11 12 |
---------------+-------------------------------------+-----
Spellcasting   | 3 4 5 7 8 10 12 14 15 | 15.2
Dodging        | |  2.1
Stealth        | |  1.5

Action                   |  1- 3 |  4- 6 |  7- 9 | 10-12 || total
-------------------------+-------+-------+-------+-------++-------
 Cast: Shock             |    76 |    34 |   154 |       ||   264
       Static Discharge  |       |     6 |     6 |    13 ||    25
       Airstrike         |       |    11 |   109 |   238 ||   358
       Swiftness         |       |       |     1 |     5 ||     6
  Use: Scroll            |       |     7 |     3 |     4 ||    14
       Potion            |       |     1 |     1 |     1 ||     3
Armor: Robe              |     4 |     2 |    11 |    12 ||    29
       Troll leather arm |       |       |       |     4 ||     4
Dodge: Dodged            |    12 |     4 |    22 |    30 ||    68
